 Dungeon Crawl Stone Soup version 0.28-a0-563-gf77a47075d (webtiles) character file.

Game seed: 5932280620134462798

19609 timneilson the Protected (level 12, -1/73 HPs)
             Began as a Gargoyle Fighter on Sept 30, 2021.
             Was a High Priest of Okawaru.
             Killed from afar by a deep elf pyromancer (3 damage)
             ... with a sticky flame
             ... on level 12 of the Dungeon on Oct 1, 2021.
             The game lasted 00:37:07 (17449 turns).

timneilson the Protected (Gargoyle Fighter)        Turns: 17449, Time: 00:37:07

Health: -1/73      AC: 30    Str: 23    XL:     12   Next: 70%
Magic:  0/16       EV: 10    Int: 11    God:    Okawaru [*****.]
Gold:   808        SH:  7    Dex:  9    Spells: 11/11 levels left

rFire   . . .      SeeInvis .   d - +1 scimitar (flame)
rCold   + . .      Faith    .   c - +0 buckler
rNeg    + . .      Spirit   +   s - +0 plate armour
rPois   ∞          Reflect  .   z - +0 hat of Baldness {rPois Slay+2}
rElec   +          Harm     .   A - scarf {repulsion}
rCorr   .          Rampage  .   b - +1 pair of gloves
Will    .....                   D - +0 pair of boots
Stlth   ..........              q - amulet of guardian spirit
HPRegen 0.22/turn               m - +4 ring of slaying
MPRegen 0.15/turn               r - ring of protection from cold

@: on fire, about to teleport, heroic, glowing, studying Polearms, repel
missiles
A: sickness immunity, AC +8, negative energy resistance 1, electricity
resistance, torment resistance 1, petrification resistance
a: Renounce Religion, Heroism, Finesse, Duel


You were on level 12 of the Dungeon.
You worshipped Okawaru.
Okawaru was extremely pleased with you.
You visited 2 branches of the dungeon, and saw 13 of its levels.

You collected 848 gold pieces.
You spent 40 gold pieces at shops.

Inventory:

Hand Weapons
 d - a +1 scimitar of flaming (weapon)
 t - a +0 scimitar
Armour
 b - a +1 pair of gloves (worn)
 c - a +0 buckler (worn)
 s - a +0 plate armour (worn)
 z - the +0 hat of Baldness (worn) {rPois Slay+2}
   (Okawaru gifted it to you on level 11 of the Dungeon)

   Slay:      It affects your accuracy & damage with ranged weapons and melee
   (+2).
   rPois:     It protects you from poison.
 A - a scarf of repulsion (worn)
 D - a +0 pair of boots (worn)
Jewellery
 m - a +4 ring of slaying (left hand)
 q - an amulet of guardian spirit (around neck)
 r - a ring of protection from cold (right hand)
Wands
 e - a wand of flame (40)
 h - a wand of iceblast (44)
 p - a wand of digging (4)
 v - a wand of paralysis (21)
Scrolls
 j - 2 scrolls of amnesia
 n - 2 scrolls of teleportation
 x - 2 scrolls of magic mapping
Potions
 f - 4 potions of brilliance
 g - a potion of magic
 i - 2 potions of flight
 k - 2 potions of lignification
 l - 7 potions of curing
 o - 5 potions of mutation
 u - a potion of cancellation
 w - a potion of invisibility {unknown}
Miscellaneous
 y - a tin of tremorstones (2/2)


   Skills:
 + Level 8.0(13.0) Fighting
 * Level 8.9(13.9) Long Blades
 * Level 10.9(15.9) Armour
 + Level 5.4(10.4) Dodging
 * Level 10.9(15.9) Shields
 + Level 6.3 Invocations
 + Level 5.8 Evocations


You had 11 spell levels left.
You didn't know any spells.
Your spell library contained the following spells:

 Spells                   Type           Power      Damage    Failure   Level
 Beastly Appendage        Tmut           0%         N/A       96%         1
 Magic Dart               Conj           0%         1d3       96%         1
 Shock                    Conj/Air       0%         1d3       96%         1
 Corpse Rot               Necr/Air       N/A        N/A       99%         2
 Ensorcelled Hibernation  Hex/Ice        0%         N/A       99%         2
 Poisonous Vapours        Pois/Air       0%         N/A       99%         2
 Wereblood                Tmut           0%         N/A       99%         2
 Ozocubu's Armour         Ice            0%         N/A       100%        3
 Portal Projectile        Hex/Tloc       0%         N/A       100%        3
 Spider Form              Tmut/Pois      0%         N/A       100%        3
 Swiftness                Air            0%         N/A       100%        3
 Airstrike                Air            0%         N/A       100%        4
 Dispel Undead            Necr           0%         3d6       100%        4
 Leda's Liquefaction      Hex/Erth       0%         N/A       100%        4
 Olgreb's Toxic Radiance  Pois           0%         N/A       100%        4
 Petrify                  Tmut/Erth      0%         N/A       100%        4
 Fireball                 Conj/Fire      0%         3d3       100%        5
 Irradiate                Conj/Tmut      0%         3d13      100%        5
 Iskenderun's Battlesphe  Conj           0%         2d6       100%        5
 Lee's Rapid Deconstruct  Erth           0%         3d5*      100%        5
 Metabolic Englaciation   Hex/Ice        0%         N/A       100%        5
 Conjure Ball Lightning   Conj/Air       0%         3x3d6     100%        6
 Orb of Destruction       Conj           0%         N/A       100%        7
 Storm Form               Tmut/Air       0%         N/A       100%        7
 Maxwell's Capacitive Co  Air            0%         ∞         100%        8
 Sublimation of Blood     Necr           Unusable   N/A       N/A         2
 Call Canine Familiar     Summ           Unusable   N/A       N/A         3
 Tukima's Dance           Hex            Unusable   N/A       N/A         3
 Summon Lightning Spire   Summ/Air       Unusable   N/A       N/A         4
 Death Channel            Necr           Unusable   N/A       N/A         6
 Simulacrum               Ice/Necr       Unusable   N/A       N/A         6
 Statue Form              Tmut/Erth      Unusable   N/A       N/A         6

Dungeon Overview and Level Annotations

Branches:
Dungeon (12/15)            Temple (1/1) D:5            Lair (0/6) D:11
    Orc (0/2) D:10

Altars:
Ashenzari
Cheibriados
Dithmenos
Elyvilon
Fedhas
Gozag
Hepliaklqana
Kikubaaqudgha
Makhleb
Nemelex Xobeh
Okawaru
Qazlal
Ru
Sif Muna
Trog
Uskayaw
Vehumet
Wu Jian
Xom
Yredelemnul
Zin
The Shining One

Shops:
D:4 ?   D:7 *   D:8 ***   D:11 :

Annotations:
D:3 1 runed translucent door, IdlyInterested's ghost, amateur FoFi
D:10 2 transporters, frogsbabysitter's ghost, novice TrFi


Innate Abilities, Weirdness & Mutations

You are immune to sickness and miasma.
Your stone body is resilient. (AC +8)
You are immune to poison.
You resist negative energy. (rN+)
You are resistant to electric shocks. (rElec)
You are resistant to unholy torment.
You are immune to petrification.


Message History

The fire elemental closely misses you. The fire elemental hits you.
The fire elemental burns you!
You slash the fire elemental!
The fire elemental is moderately damaged.
The fire elemental closely misses you. The fire elemental hits you.
The fire elemental burns you!
You hit the fire elemental.
The fire elemental is heavily damaged.
The fire elemental closely misses you. The fire elemental hits you.
The fire elemental burns you!
The fire elemental completely misses you.
You slash the fire elemental!
The fire elemental is severely damaged.
The fire elemental hits you. The fire elemental burns you!
The fire elemental hits you. The fire elemental burns you!
You gain the combat prowess of a mighty hero.
The fire elemental hits you. The fire elemental burns you!
* * * LOW HITPOINT WARNING * * *
The fire elemental hits you.
The deep elf pyromancer casts a spell.
You feel better. The fire elemental closely misses you.
The fire elemental hits you. The fire elemental burns you!
The fire elemental hits you. x2; The fire elemental burns you!
* * * LOW HITPOINT WARNING * * *
You slash the deep elf pyromancer! You burn the deep elf pyromancer.
The deep elf pyromancer is heavily wounded.
The deep elf pyromancer hits you but does no damage.
The fire elemental hits you. The fire elemental burns you!
* * * LOW HITPOINT WARNING * * *
Unknown command.
As you read the scroll of teleportation, it crumbles to dust.
You feel strangely unstable. The fire elemental hits you.
The fire elemental burns you!
* * * LOW HITPOINT WARNING * * *
You block the fire elemental's attack. The fire elemental hits you.
The deep elf pyromancer misses you.
The deep elf pyromancer points at you and mumbles some strange words.
The sticky flame hits you.
You are covered in liquid flames!
You die...

...#..#... .......#.......#
...#..#... .......#........
.........# ..##.............
.........# ##......##........
.........###..°..............
..........##°○.............<.
#.......†..☼E○..........##..#
...........EeE....#......#..#
............@..............##
.....#................###.##
######..#...##.......## ###
#..#..###...†...# ..##....#
#.##...## ........###......#
..##.....##......# .
#(....##......##
......#...........#


You could see a deep elf pyromancer and 3 fire elementals.

Vanquished Creatures
  3 boulder beetles
  2 hydras
  2 centaur warriors
  2 two-headed ogres
  Nergalle (D:10)
  A deep elf knight (D:9)
  An unseen horror (D:6)
  An efreet (D:10)
  4 trolls
  Prince Ribbit (D:7)
  A slime creature (D:10)
  A meliai zombie (D:10)
  A centaur simulacrum (D:10)
  17 yaks
  3 shadows
  A steam dragon (D:7)
  Eustachio (D:6)
  8 vampire mosquitoes
  2 two-headed ogre zombies (D:10)
  2 acid dragons
  3 water moccasins
  Duvessa (D:7)
  2 hornet zombies
  2 necrophages
  A black bear (D:7)
  6 orc warriors
  A sky beast (D:4)
  3 ogres
  An ice beast (D:8)
  2 wolves (D:11)
  7 centaurs
  The ghost of CowFu the Caller, an amateur MfSu (D:4)
  2 phantoms
  A kobold brigand (D:9)
  4 bullfrogs
  A gnoll sergeant (D:7)
  8 scorpions
  Dowan (D:7)
  10 killer bees
  A wyvern skeleton (D:6)
  A troll zombie (D:10)
  2 electric eels (D:11)
  4 howler monkeys
  3 centaur zombies
  A bullfrog zombie (D:7)
  6 orc priests
  9 hounds
  A bullfrog skeleton (D:5)
  A gnoll shaman (D:5)
  2 centaur skeletons
  8 iguanas
  13 orc wizards
  5 ogre zombies (D:10)
  A hound zombie (D:5)
  A hound skeleton (D:4)
  2 howler monkey zombies (D:8)
  8 adders
  4 gnolls
  A howler monkey skeleton (D:5)
  4 shadow imps
  2 white imps (D:6)
  A howler monkey simulacrum (D:9)
  2 ufetubi
  An adder zombie (D:5)
  3 worms (D:2)
  A dart slug (D:5)
  49 orcs
  8 endoplasms
  7 giant cockroaches
  9 goblins
  11 hobgoblins
  8 jackals (D:4)
  2 quokkas
  5 ball pythons
  8 bats
  2 frilled lizards (D:3)
  A goblin skeleton (D:10)
  4 goblin zombies (D:10)
  2 hobgoblin skeletons (D:10)
  5 hobgoblin zombies (D:10)
  7 kobolds
  2 orc skeletons (D:10)
  11 orc zombies (D:10)
  3 rats
344 creatures vanquished.

Vanquished Creatures (others)
  A bush (D:10)
  2 fungi (D:6)
3 creatures vanquished.

Grand Total: 347 creatures vanquished

Notes
Turn   | Place    | Note
-------+----------+-------------------------------------------
     0 | D:1      | timneilson the Gargoyle Fighter began the quest for the
                  | Orb.
     0 | D:1      | Reached XP level 1. HP: 14/14 MP: 1/1
   215 | D:1      | Reached XP level 2. HP: 19/19 MP: 2/2
  1049 | D:2      | Reached XP level 3. HP: 23/23 MP: 3/3
  2018 | D:3      | Found a runed translucent door.
  2019 | D:3      | Noticed IdlyInterested's ghost (amateur FoFi)
  2176 | D:3      | Reached XP level 4. HP: 24/28 MP: 4/4
  2414 | D:3      | Found a white marble altar of Elyvilon.
  2721 | D:3      | Reached skill level 1 in Dodging
  3209 | D:3      | Reached XP level 5. HP: 14/33 MP: 5/5
  3621 | D:4      | Found an ornate altar of the Wu Jian Council.
  3621 | D:4      | Found Veronin's Magic Scroll Shop.
  3677 | D:4      | Reached XP level 6. HP: 33/38 MP: 6/6
  3686 | D:4      | Reached skill level 1 in Evocations
  3807 | D:4      | Found a runed translucent gate.
  3879 | D:4      | Found a runed translucent gate.
  3879 | D:4      | Noticed CowFu's ghost (amateur MfSu)
  3889 | D:4      | Found a runed translucent gate.
  4203 | D:4      | Killed CowFu's ghost
  4204 | D:4      | Reached skill level 5 in Armour
  4204 | D:4      | Reached skill level 5 in Shields
  4222 | D:4      | Reached XP level 7. HP: 18/43 MP: 7/7
  4451 | D:5      | Entered Level 5 of the Dungeon
  4455 | D:5      | Found a staircase to the Ecumenical Temple.
  4467 | Temple   | Entered the Ecumenical Temple
  4898 | D:5      | HP: 2/43 [iguana (1)]
  5750 | D:4      | Reached XP level 8. HP: 40/48 MP: 8/8
  6355 | D:5      | Found an iron altar of Okawaru.
  6384 | D:5      | Became a worshipper of Warmaster Okawaru
  6485 | D:5      | Found a hide-covered altar of Uskayaw.
  6875 | D:4      | Reached skill level 1 in Invocations
  6986 | D:5      | Reached skill level 5 in Fighting
  7034 | D:5      | Reached skill level 5 in Long Blades
  7037 | D:5      | Reached XP level 9. HP: 54/54 MP: 8/10
  7349 | D:6      | Killed an unseen horror
  7349 | D:6      | Reached * piety under Okawaru
  7792 | D:6      | Found a radiant altar of Vehumet.
  7877 | D:6      | Noticed a two-headed ogre
  8032 | D:6      | Noticed Eustachio
  8046 | D:6      | Killed Eustachio
  8058 | D:6      | Reached ** piety under Okawaru
  9171 | D:6      | Found a glowing silver altar of Zin.
  9305 | D:7      | Got the Papyrus of Excruciating Toxins
  9316 | D:7      | Found an opulent altar of Gozag.
  9431 | D:7      | Reached XP level 10. HP: 34/60 MP: 8/12
  9657 | D:7      | Found Jitoses's CLEARANCE SALE!.
  9661 | D:7      | Noticed Prince Ribbit
  9664 | D:7      | Bought a wand of iceblast (6) for 40 gold pieces
  9674 | D:7      | Found a shadowy altar of Dithmenos.
  9774 | D:7      | Killed Prince Ribbit
 10041 | D:7      | Noticed Dowan
 10042 | D:7      | Noticed Duvessa
 10056 | D:7      | Killed Duvessa
 10056 | D:7      | Reached *** piety under Okawaru
 10070 | D:7      | Killed Dowan
 11226 | D:8      | Noticed a two-headed ogre
 11337 | D:8      | Found Enny Tym's General Store.
 11337 | D:8      | Found Arizecic's General Store.
 11397 | D:8      | Found a glowing golden altar of the Shining One.
 11453 | D:8      | Found Nocin's Assorted Antiques.
 11661 | D:8      | Killed a two-headed ogre
 12027 | D:8      | Found a snail-covered altar of Cheibriados.
 12029 | D:8      | Found a blossoming altar of Fedhas.
 12029 | D:8      | Found a shimmering altar of Xom.
 12031 | D:8      | Found an ancient bone altar of Kikubaaqudgha.
 12031 | D:8      | Found a shimmering altar of Xom.
 12031 | D:8      | Found an iron altar of Okawaru.
 12173 | D:9      | Reached **** piety under Okawaru
 12196 | D:9      | Found a shimmering blue altar of Sif Muna.
 12671 | D:9      | Reached XP level 11. HP: 66/66 MP: 14/14
 12699 | D:9      | Reached ***** piety under Okawaru
 12884 | D:9      | Noticed a six-headed hydra
 12884 | D:9      | Noticed an orb spider
 12884 | D:9      | Noticed a deep elf knight
 12884 | D:9      | Noticed a fire crab
 12884 | D:9      | an orb spider changed into a fire crab
 13127 | D:9      | Killed a deep elf knight
 13127 | D:9      | Received a gift from Okawaru
 13524 | D:10     | Entered Level 10 of the Dungeon
 13543 | D:10     | Noticed Nergalle
 13552 | D:10     | Killed Nergalle
 13579 | D:10     | Reached skill level 5 in Invocations
 14151 | D:10     | Found a staircase to the Orcish Mines.
 14520 | D:9      | Killed a one-headed hydra
 14521 | D:9      | Reached skill level 5 in Evocations
 14670 | D:10     | Reached skill level 10 in Shields
 14676 | D:10     | Reached skill level 10 in Armour
 14844 | D:10     | Noticed frogsbabysitter's ghost (novice TrFi)
 14851 | D:10     | Found a blossoming altar of Fedhas.
 14854 | D:10     | Found a transporter.
 14882 | D:10     | Found a transporter.
 15398 | D:10     | Found a stormy altar of Qazlal.
 15417 | D:10     | Reached XP level 12. HP: 71/72 MP: 16/16
 15577 | D:11     | Noticed a boulder beetle
 15665 | D:11     | Killed a boulder beetle
 15768 | D:11     | Reached skill level 5 in Dodging
 15857 | D:11     | Found a staircase to the Lair.
 16084 | D:11     | Noticed a centaur warrior
 16097 | D:11     | Killed a centaur warrior
 16232 | D:11     | Identified the +5 broad axe of Ragnarok {flame, Str+4}
 16321 | D:11     | Noticed a boulder beetle
 16335 | D:11     | Killed a boulder beetle
 16335 | D:11     | Identified the +0 hat of Baldness {rPois Slay+2} (Okawaru
                  | gifted it to you on level 11 of the Dungeon)
 16335 | D:11     | Received a gift from Okawaru
 16425 | D:11     | Found Faclug's Book Shoppe.
 16562 | D:11     | Noticed a two-headed ogre
 16568 | D:11     | Killed a two-headed ogre
 16920 | D:12     | Noticed a centaur warrior
 16931 | D:12     | Killed a centaur warrior
 17006 | D:12     | Noticed a boulder beetle
 17036 | D:12     | Killed a boulder beetle
 17250 | D:12     | Noticed a five-headed hydra
 17261 | D:12     | Killed a one-headed hydra
 17448 | D:12     | HP: 2/73 [fire elemental[a deep elf pyromancer] (8)]
 17449 | D:12     | Killed from afar by a deep elf pyromancer

Illustrated notes

Levels and vault maps discovered:
D:1:      dpeg_arrival_pits, layout_loops_corners,
          chequers_serial_rivers_small_b
D:2:      minmay_inner_zag, layout_basic
D:3:      layout_basic, elyvilon_altar_3, ebering_ghost_reflecting_pool
D:4:      layout_rooms, mainiacjoe_overflow_catwalk, serial_shops, shop,
          gammafunk_ghost_split, minmay_joined_circles
D:5:      minmay_chambers_of_threes, layout_rooms, okawaru_altar_gauntlet_db,
          nicolae_uskayaw_suspiria, minmay_temple_entry_stoned_glass
D:6:      kennysheep_six_static_rooms, layout_basic, vehumet_altar_wand_db,
          mainiacjoe_overflow_small_starburst, serial_aquarium,
          aquarium_bridge_straight [aquarium_subvault_bridge,
          aquarium_subvault_window, aquarium_subvault_bridge,
          aquarium_subvault_window], aquarium_window_fake, aquarium_window_1,
          aquarium_window_1, aquarium_view_2b, aquarium_balcony_3a,
          minmay_manual_mail, uniq_eustachio
D:7:      layout_loops_corners, grunt_dithmenos_smoke_and_mirrors,
          nicolae_gozag_seed_capital, nicolae_shop_clearance, uniq_duvessa,
          uniq_prince_ribbit1
D:8:      layout_basic, lemuel_round_altar, doesnt_xom_only_xom, serial_shops,
          shop, shop, nicolae_shop_window_shopping
D:9:      layout_roguey, mainiacjoe_overflow_surrounded_room, wad_scary_box
D:10:     layout_loops_ring, nicolae_qazlal_general_emergency,
          fedhas_bush_and_centaur_altar, zombieorc2_lemuel,
          gammafunk_ghost_stat_death, wad_mini_maze, uniq_nergalle
D:11:     layout_grid_maze, erik_lair_island, serial_shops, nicolae_square_shop
D:12:     layout_cave_pools, ebering_ghost_inner_flame
Temple:   compressed_dpeg_triangle_lava_temple

Skill      XL: |  1  2  3  4  5  6  7  8  9 10 11 12 |
---------------+-------------------------------------+-----
Long Blades    | 2 3 4 5 6 7 8 |  8.9
Armour         | 4 5 6 7 8 10 | 10.9
Shields        | 4 5 6 7 8 10 | 10.9
Dodging        | 1 2 3 4 5 |  5.4
Evocations     | 1 2 3 4 5 |  5.8
Fighting       | 4 5 6 7 8 |  8.0
Invocations    | 1 3 4 5 6 |  6.3

Action                   |  1- 3 |  4- 6 |  7- 9 | 10-12 || total
-------------------------+-------+-------+-------+-------++-------
Melee: Long sword        |   116 |   252 |   410 |   212 ||   990
       Scimitar          |       |       |       |   550 ||   550
Invok: Heroism           |       |       |       |    28 ||    28
       Finesse           |       |       |       |     2 ||     2
  Use: Scroll            |     2 |       |     3 |    14 ||    19
       Potion            |       |     3 |     4 |     4 ||    11
Armor: Scale mail        |    47 |   135 |       |       ||   182
       Chain mail        |       |       |   318 |   264 ||   582
       Plate armour      |       |       |       |   105 ||   105
Dodge: Dodged            |    56 |   135 |   210 |   255 ||   656
       Repelled          |       |       |       |     1 ||     1
Block: Buckler           |    25 |    45 |   116 |   202 ||   388

Table legend: (Time is in decaauts)
 A = Elapsed time spent in this place.
 B = Non-inter-level travel time spent in this place.
 C = Inter-level travel time spent in this place.
 D = Time resting spent in this place.
 E = Time spent auto-exploring this place.
 F = Levels seen in this place.
 G = Mean time per level.
                   A        B        C        D        E       F      G
               +--------+--------+--------+--------+--------+-----+--------+
         Total |  17559 |  17031 |    528 |   3579 |   9074 |  13 | 1350.7 |
       Dungeon |  17307 |  16784 |    523 |   3579 |   8835 |  12 | 1442.2 |
        Temple |    252 |    247 |      5 |      0 |    239 |   1 |  252.0 |
               +--------+--------+--------+--------+--------+-----+--------+

Top non-repeatable levels by time:
     D:4: 2525 daAuts
    D:10: 1971 daAuts
     D:7: 1818 daAuts
     D:5: 1635 daAuts
     D:6: 1625 daAuts
     D:3: 1494 daAuts
     D:9: 1476 daAuts
    D:11: 1297 daAuts
     D:8: 1068 daAuts
     D:2: 1030 daAuts
     D:1: 910 daAuts
    D:12: 454 daAuts
  Temple: 252 daAuts
